 Dungeon Crawl Stone Soup version 0.30-a0-465-g8901f6c8b5 (webtiles) character file.

Game seed: 1503425648789690458

14 Khashishi the Cudgeller (level 2, -2/29 HPs)
             Began as an Ogre Warper on Dec 19, 2022.
             Slain by a goblin
             ... wielding a +0 club
              (4 damage)
             ... on level 2 of the Dungeon.
             The game lasted 00:02:46 (339 turns).

Khashishi the Cudgeller (Ogre Warper)                Turns: 339, Time: 00:02:47

Health: -2/29      AC:  3    Str: 14    XL:     2   Next: 41%
Magic:  3/5        EV:  9    Int: 14    God:
Gold:   35         SH:  0    Dex:  8    Spells: 3/5 levels left

rFire   . . .      SeeInvis .    a - +0 mace
rCold   . . .      Faith    +    (no shield)
rNeg    . . .      Spirit   .    b - +0 robe
rPois   .          Reflect  .    (helmet restricted)
rElec   .          Harm     .    (no cloak)
rCorr   .          Rampage  .    (gloves unavailable)
Will    .....                    (boots unavailable)
Stlth   +.........               i - amulet of faith
HPRegen 0.24/turn                (no ring)
MPRegen 0.09/turn                (no ring)

@: very slightly contaminated
A: large, unfitting armour, tough skin 1
a: no special abilities


You were on level 2 of the Dungeon.
You visited 1 branch of the dungeon, and saw 2 of its levels.

You collected 35 gold pieces.

Inventory:

Hand Weapons
 a - a +0 mace (weapon)
Missiles
 d - 7 boomerangs of dispersal
 f - a stone (quivered)
Armour
 b - a +0 robe (worn)
Jewellery
 i - an amulet of faith (around neck)
Scrolls
 c - a scroll of blinking
 g - a scroll of teleportation {unknown}
 h - a scroll of amnesia {unknown}
 j - a scroll of torment {unknown}
Potions
 e - a potion of curing {unknown}


   Skills:
 - Level 2.6 Fighting
 + Level 2.7 Maces & Flails
 - Level 1.0 Throwing
 - Level 2.1 Dodging
 - Level 2.4 Spellcasting
 - Level 2.6 Translocations


You had 3 spell levels left.
You knew the following spells:

 Your Spells              Type           Power      Damage    Failure   Level
a - Blink                 Tloc           18%        N/A       12%         2

Your spell library contained the following spells:

 Spells                   Type           Power      Damage    Failure   Level
 Lesser Beckoning         Tloc           18%        N/A       22%         3
 Teleport Other           Tloc           9%         N/A       22%         3
 Vhi's Electric Charge    Tloc/Air       10%        N/A       36%         3
 Manifold Assault         Tloc           9%         N/A       58%         4


Dungeon Overview and Level Annotations

Branches:
Dungeon (2/15)

Altars:


Innate Abilities, Weirdness & Mutations

You are too large for most types of armour.
You have tough skin. (AC +1)


Message History

The jackal closely misses you.
You barely miss the jackal. You barely miss the jackal.
The jackal bites you but does no damage.
A goblin comes into view. It is wielding a +0 club.
The jackal bites you but does no damage.
You barely miss the jackal. The jackal barely misses you.
You hit the goblin but do no damage. The jackal bites you.
The goblin hits you with a +0 club.
The jackal bites you but does no damage.
You miss the goblin. The jackal bites you. The goblin hits you with a +0 club.
The jackal bites you but does no damage.
The goblin hits you but does no damage. The jackal bites you.
You climb downwards.
There is a stone staircase leading up here.
You hit the goblin but do no damage. The jackal closely misses you.
The goblin barely misses you.
The jackal bites you but does no damage.
The goblin hits you with a +0 club.
You closely miss the goblin. The jackal completely misses you.
The goblin hits you with a +0 club. The jackal bites you.
You hit the goblin.
The goblin is moderately wounded.
The jackal closely misses you. The goblin hits you with a +0 club.
* * * LOW HITPOINT WARNING * * *
You barely miss the goblin.
The goblin is moderately wounded.
The jackal bites you.
* * * LOW HITPOINT WARNING * * *
The goblin hits you with a +0 club.
* * * LOW HITPOINT WARNING * * *
The jackal barely misses you. The goblin hits you with a +0 club.
* * * LOW HITPOINT WARNING * * *
Casting: Blink (safe; 12% risk of failure)
Confirm with . or Enter, or press ? or * to list all spells.
You miscast Blink.
You are very lightly contaminated with residual magic.
Nothing appears to happen.
The jackal closely misses you. The goblin hits you with a +0 club.
You die...

##############
##.#####............#
......h@g##########.#
#.>.###### ####.####
. #.......# #.#####.#
#.#####.# #..
#.......# #..
#..####.# #..
##.......#####..
............).>.


You could see a jackal and a goblin.

Vanquished Creatures
  A dart slug (D:1)
  An endoplasm (D:1)
  2 goblins (D:2)
  A hobgoblin (D:1)
  2 ball pythons (D:1)
  A bat (D:1)
  2 kobolds (D:1)
  A rat (D:2)
11 creatures vanquished.

Notes
Turn   | Place    | Note
-------+----------+-------------------------------------------
     0 | D:1      | Khashishi the Ogre Warper began the quest for the Orb.
     0 | D:1      | Reached XP level 1. HP: 22/22 MP: 3/3
   104 | D:1      | Reached XP level 2. HP: 25/29 MP: 5/5
   109 | D:1      | Learned a level 2 spell: Blink
   228 | D:1      | You fall into a shaft and drop 1 floor!
   339 | D:2      | Slain by a goblin

Illustrated notes

Levels and vault maps discovered:
D:1:      lemuel_arrival_broad_hall, layout_loops_corners
D:2:      layout_loops_ring, dilly_ecumenical_altar_fadedgnrine,
          amcnicky_mini_corridor_feature, minmay_tiny_reverse_x

Skill      XL: |  1 |
---------------+----+-----
Maces & Flails | 2 |  2.7
Fighting       | |  2.6
Throwing       | |  1.0
Dodging        | |  2.1
Spellcasting   | |  2.4
Translocations | |  2.6

Action                   || total
-------------------------++-------
Melee: Mace              ||    52
Throw: Stone             ||     4
Armor: Robe              ||    23
Dodge: Dodged            ||    36

Table legend: (Time is in decaauts)
 A = Elapsed time spent in this place.
 B = Non-inter-level travel time spent in this place.
 C = Inter-level travel time spent in this place.
 D = Time resting spent in this place.
 E = Time spent auto-exploring this place.
 F = Levels seen in this place.
 G = Mean time per level.
                   A        B        C        D        E       F      G
               +--------+--------+--------+--------+--------+-----+--------+
         Total |    353 |    353 |      0 |      0 |    139 |   2 |  176.5 |
       Dungeon |    353 |    353 |      0 |      0 |    139 |   2 |  176.5 |
               +--------+--------+--------+--------+--------+-----+--------+

Top non-repeatable levels by time:
     D:1: 247 daAuts
     D:2: 105 daAuts
